 Dungeon Crawl Stone Soup version 0.26-a0-651-gb41185065b (webtiles) character file.

Game seed: 12131417344120822557

178687 tilp the Unseen (level 17, -5/94 HPs)
             Began as a Spriggan Enchanter on Oct 26, 2020.
             Was the Champion of Dithmenos.
             Collided with some lava (27 damage)
             ... caused by a nagaraja
             ... on level 4 of the Snake Pit.
             The game lasted 01:47:45 (44071 turns).

tilp the Unseen (Spriggan Enchanter)               Turns: 44071, Time: 01:47:46

Health: -5/94      AC: 18    Str:  4    XL:     17   Next: 58%
Magic:  11/32      EV: 31    Int: 22    God:    Dithmenos [******]
Gold:   236        SH:  8    Dex: 18    Spells: 2/36 levels left

rFire    + . .     SeeInvis +   a - +9 dagger (flame)
rCold    + . .     Faith    .   K - +1 buckler {rC+ rF+}
rNeg     . . .     Spirit   .   w - +4 steam dragon scales
rPois    +         Reflect  .   p - +2 hat
rElec    .         Harm     .   A - +2 cloak
rCorr    .         Rampage  .   (gloves unavailable)
MR       ++...                  (boots unavailable)
Stlth    ++++++++++             z - amulet of magic regeneration
HPRegen  0.25/turn              Z - ring of poison resistance
MPRegen  0.48/turn              B - +4 ring of protection

@: lethally poisoned (-5 -> -11), wreathed by umbra, very quick
A: very small, unfitting armour, see invisible, speed 3
a: Shadow Step, Shadow Form, Renounce Religion


You were on level 4 of the Snake Pit.
You worshipped Dithmenos.
Dithmenos was exalted by your worship.
You visited 5 branches of the dungeon, and saw 28 of its levels.
You also visited: Ossuary, Bailey and Ice Cave.

You collected 3047 gold pieces.
You spent 2811 gold pieces at shops.

Inventory:

Hand Weapons
 a - a +9 dagger of flaming (weapon)
 b - a +5 vampiric dagger
 t - a +4 dagger of distortion
Missiles
 s - 3 throwing nets {!f}
 u - 92 poisoned darts (quivered)
 S - 2 atropa-tipped darts
 V - 2 curare-tipped darts
Armour
 p - a +2 hat (worn)
 w - +4 steam dragon scales (worn)
 A - a +2 cloak (worn)
 K - a +1 buckler of resistance (worn)
Magical Staves
 D - an uncursed staff of earth
Jewellery
 g - an uncursed ring of fire
 v - an uncursed ring of positive energy
 z - an amulet of magic regeneration (around neck)
 B - a +4 ring of protection (right hand)
 T - an uncursed ring of protection from cold
 Z - a ring of poison resistance (left hand)
Wands
 e - a wand of disintegration (36)
 i - a wand of polymorph (14)
 y - a wand of paralysis (21)
 E - a wand of iceblast (11)
 O - a wand of digging (12)
 P - a wand of acid (9)
 U - a wand of flame (19)
Scrolls
 h - 5 scrolls of fear
 l - 3 scrolls of fog
 m - 10 scrolls of remove curse
 n - 2 scrolls of blinking
 q - 12 scrolls of teleportation
 G - 10 scrolls of identify
 H - 3 scrolls of holy word
 I - 2 scrolls of silence
 Q - 3 scrolls of magic mapping
 Y - 4 scrolls of enchant weapon
Potions
 c - 4 potions of invisibility
 d - 2 potions of resistance
 f - 7 potions of heal wounds
 k - 10 potions of mutation
 o - 12 potions of curing
 r - 3 potions of stabbing
 C - 4 potions of ambrosia
 F - 2 potions of cancellation
 L - a potion of magic
 M - 7 potions of flight
 N - 3 potions of haste
Miscellaneous
 x - a lightning rod (4/4)
 J - a box of beasts (3/3)
 R - a phantom mirror
 W - a tin of tremorstones (3/3)
 X - a condenser vane (inert)


   Skills:
 + Level 12.6 Fighting
 - Level 10.0 Short Blades
 - Level 15.0 Dodging
 - Level 16.0 Stealth
 - Level 4.0 Shields
 - Level 10.0 Spellcasting
 + Level 7.2 Conjurations
 + Level 11.6 Hexes
 - Level 12.0 Translocations
 - Level 4.0 Transmutations
 - Level 6.0 Earth Magic
 + Level 9.6 Invocations
 + Level 11.8 Evocations


You had 2 spell levels left.
You knew the following spells:

 Your Spells              Type           Power        Failure   Level
a - Corona                Hex            ######.      1%          1
b - Ensorcelled Hibernat  Hex/Ice        #####.       1%          2
c - Confusing Touch       Hex            ######..     1%          3
d - Tukima's Dance        Hex            ######..     1%          3
e - Dazzling Flash        Conj/Hex       ######       1%          3
f - Apportation           Tloc           ######       1%          1
g - Cause Fear            Hex            ######....   1%          4
h - Yara's Violent Unrav  Hex/Tmut       #####.....   9%          5
i - Iskenderun's Mystic   Conj/Tloc      ######..     1%          4
j - Fulminant Prism       Conj/Hex       ######....   1%          4
k - Petrify               Tmut/Erth      ####....     10%         4

Your spell library contained the following spells:

 Spells                   Type           Power        Failure   Level
 Magic Dart               Conj           ####         1%          1
 Searing Ray              Conj           #####.       1%          2
 Animate Skeleton         Necr           ##....       8%          1
 Freeze                   Ice            ##..         8%          1
 Summon Small Mammal      Summ           ##..         8%          1
 Poisonous Vapours        Pois/Air       ##....       11%         2
 Gell's Gravitas          Tloc           ######....   1%          3
 Leda's Liquefaction      Hex/Erth       #####.....   1%          4
 Hailstorm                Conj/Ice       ####....     17%         4
 Metabolic Englaciation   Hex/Ice        #####.....   19%         5
 Silence                  Hex/Air        #####.....   19%         5
 Frozen Ramparts          Ice            ##....       22%         3
 Ozocubu's Armour         Ice            ##......     22%         3
 Ice Form                 Ice/Tmut       ###.....     32%         4
 Bolt of Magma            Conj/Fire/Erth ####......   34%         5
 Summon Ice Beast         Ice/Summ       ##......     58%         4
 Summon Lightning Spire   Summ/Air       ##......     58%         4
 Iron Shot                Conj/Erth      #####.....   58%         6
 Statue Form              Tmut/Erth      ####.....    82%         6
 Conjure Ball Lightning   Conj/Air       ####......   95%         6
 Freezing Cloud           Conj/Ice/Air   ###.......   99%         6
 Discord                  Hex            ######....   99%         8
 Ozocubu's Refrigeration  Ice            ##........   100%        6
 Simulacrum               Ice/Necr       ##........   100%        6
 Shatter                  Erth           #####.....   100%        9
 Tornado                  Air            ##........   100%        9


Dungeon Overview and Level Annotations

Branches:
Dungeon (15/15)            Temple (1/1) D:5            Lair (6/6) D:11
 Shoals (0/4) Lair:4        Snake (4/4) Lair:2        Slime (0/5) Lair:6
    Orc (2/2) D:10            Elf (0/3) Orc:2        Vaults (0/5) D:13
 Depths (0/5) D:15        Ossuary (visited)          Bailey (visited)
  IceCv (visited)

Altars:
Ashenzari
Cheibriados
Dithmenos
Elyvilon
Fedhas
Gozag
Hepliaklqana
Kikubaaqudgha
Makhleb
Nemelex Xobeh
Okawaru
Qazlal
Ru
Sif Muna
Trog
Uskayaw
Vehumet
Wu Jian
Xom
Yredelemnul
Zin
The Shining One
Beogh
Jiyva

Shops:
D:4 }(   D:5 *:=(   D:7 **?[   D:13 :!   Orc:2 !***   Snake:2 (=}*(   Snake:3 (

Annotations:
Snake:4 1 runed translucent door, Flugslaktarn's ghost, adept DDFi


Innate Abilities, Weirdness & Mutations

You are very small and have problems with some larger weapons.
You are too small for most types of armour.
You have supernaturally acute eyesight. (SInv)
You cover ground extremely quickly.


Message History

You feel sick. The nagaraja spits poison at you. The splash of poison hits you.
You are more poisoned.
You resist.
You feel sick.
The guardian serpent hits your fulminant prism!!
Your fulminant prism detonates feebly.
Why would you want to do that?
You feel sick.
The guardian serpent coils itself and waves its upper body at you.
The nagaraja blinks!
The nagaraja barely misses you. The nagaraja misses you.
You feel sick. The nagaraja casts a spell at you.
The lance of force hits you!!!
* * * LOW HITPOINT WARNING * * *
You are knocked back by the lance of force.
You violently stop moving!
You die...

#..# #...##.## #.## #...##...
###.# ######..###..# #......#.
#...# ####..###.####........
##.#.######...#............#.###
#..#.##..)#...........####.#.# #
#.##.##...#....####........#.# #
##.##.##.....########.[...###.###
...##......)##...)N.##....# #.##.
.......##..##...@....##...###..#.
#####.##..##...≈.≈≈...###..##..#.
####..##.##...≈≈≈≈≈≈...##....#.##
.....##..#....≈≈≈≈≈≈....##.....[.
##..###.####'#≈≈≈≈≈≈#)#####......
##..)...#......≈≈§≈...S..#.......
..[####.#.......≈≈.......#....#..
#.)..##.#.......≈≈.......#.......
##.#.##.#.....§§§§≈......###.....


You could see a nagaraja (fast, catching breath) and a guardian serpent.

Vanquished Creatures
  Jorgrun (D:12)
  Kirke (D:12)
  Agnes (Snake:3)
  5 nagarajas (Snake:4)
  A frost giant (IceCv)
  Aizul (Snake:2)
  Nessos (Lair:5)
  4 dire elephants (Lair:6)
  Snorg (D:12)
  Josephine (D:13)
  The ghost of zhorgal the Tainter, a journeyman SpVM of Gozag (Lair:2)
  8 naga warriors
  A death knight (D:15)
  7 hydras
  4 vault guards (D:13)
  12 anacondas
  2 centaur warriors
  11 two-headed ogres
  2 alligators (Snake:1)
  A vampire mage (D:15)
  2 death yaks (IceCv)
  2 ogre magi
  4 shock serpents
  9 naga sharpshooters
  Urug (Lair:5)
  3 salamander mystics
  4 skeletal warriors (D:15)
  A spark wasp zombie (D:15)
  A golden dragon zombie (D:15)
  3 unseen horrors
  2 deep trolls (Orc:2)
  A swamp dragon (Snake:1)
  7 naga ritualists
  2 lindwurms (Snake:4)
  Pikel (D:7)
  4 orc knights
  A necromancer (D:15)
  A stone giant zombie (D:15)
  8 mana vipers
  A deep elf mage (D:15)
  16 ugly things
  4 oklob plants
  3 orc sorcerers (Orc:1)
  11 elephants
  2 manticores
  6 salamanders
  4 cyclopes
  3 guardian serpents
  Joseph (D:8)
  33 black mambas
  Psyche (D:10)
  16 naga magi
  A torpor snail (Lair:6)
  An ice statue (IceCv)
  17 cane toads
  3 rime drakes
  2 gargoyles (D:14)
  2 ice devils (D:12)
  5 kobold demonologists
  2 efreet (D:13)
  2 komodo dragons
  3 freezing wraiths
  8 polar bears (IceCv)
  A jumping spider (shapeshifter) (D:14)
  A queen bee (shapeshifter) (D:14)
  A tengu conjurer (D:13)
  13 trolls
  17 blink frogs
  A spriggan zombie (D:15)
  9 slime creatures
  A meliai zombie (D:14)
  25 hippogriffs
  3 shadows
  5 wyverns
  8 wraiths
  A hog (shapeshifter) (D:14)
  70 yaks
  6 hogs (D:12)
  5 basilisks
  Grum (D:8)
  6 vampire mosquitoes
  2 steam dragons
  34 nagas
  3 wargs
  3 acid dragons
  2 swamp worms (Snake:1)
  Edmund (D:4)
  2 two-headed ogre zombies (D:10)
  16 water moccasins
  4 porcupines
  A swamp drake (Snake:1)
  30 orc warriors
  5 sky beasts
  A necrophage (D:15)
  6 ice beasts
  4 phantoms
  15 centaurs
  24 ogres
  34 wolves
  16 crocodiles
  5 big kobolds
  18 bullfrogs
  2 water moccasin zombies (Ossuary)
  A wyvern skeleton (D:15)
  6 scorpions
  3 troll zombies (D:10)
  13 killer bees
  10 wights
  9 howler monkeys
  An electric eel (Lair:5)
  3 centaur zombies
  4 hounds
  2 jellies
  3 bullfrog zombies
  22 orc priests
  Crazy Yiuf (D:4)
  3 centaur skeletons
  23 orc wizards
  7 bullfrog skeletons
  4 iguanas
  9 worker ants
  3 ogre zombies (D:10)
  2 big kobold zombies (Ossuary)
  A hound zombie (D:5)
  2 mummies (Ossuary)
  A howler monkey zombie (D:7)
  2 worker ant zombies (D:10)
  10 gnolls
  6 adders
  A shadow imp (D:9)
  5 white imps
  6 ufetubi
  2 adder skeletons
  7 adder zombies
  2 worms
  5 dart slugs
  5 leopard geckos
  82 orcs
  A ball python (D:4)
  2 bats
  4 giant cockroaches
  2 gnoll zombies (Ossuary)
  4 hobgoblins
  7 jackals
  5 quokkas
  2 frilled lizards (D:2)
  8 goblins
  A goblin skeleton (D:10)
  A goblin zombie (D:10)
  2 hobgoblin skeletons (D:10)
  4 hobgoblin zombies (Ossuary)
  A jackal zombie (D:5)
  28 kobolds
  7 kobold zombies (Ossuary)
  A leopard gecko skeleton (D:7)
  A leopard gecko zombie (D:8)
  4 orc skeletons (D:10)
  21 orc zombies
  A quokka skeleton (D:4)
  3 rats
1048 creatures vanquished.

Vanquished Creatures (collateral kills)
  2 orc warriors (Orc:2)
2 creatures vanquished.

Vanquished Creatures (others)
  A naga sharpshooter (Snake:4)
  18 fulminant prisms (Snake:4)
  22 fungi
  28 plants
  5 withered plants (D:15)
74 creatures vanquished.

Grand Total: 1124 creatures vanquished

Notes
Turn   | Place    | Note
-------+----------+-------------------------------------------
     0 | D:1      | tilp the Spriggan Enchanter began the quest for the Orb.
     0 | D:1      | Reached XP level 1. HP: 9/9 MP: 5/5
   401 | D:1      | Reached XP level 2. HP: 9/13 MP: 6/6
   405 | D:1      | Learned a level 2 spell: Ensorcelled Hibernation
   699 | D:1      | Reached skill level 5 in Stealth
  1438 | D:2      | Reached XP level 3. HP: 16/16 MP: 8/8
  1443 | D:2      | Learned a level 3 spell: Confusing Touch
  1708 | D:3      | Noticed a centaur
  1717 | D:3      | Killed a centaur
  1717 | D:3      | Reached skill level 6 in Stealth
  1717 | D:3      | Reached XP level 4. HP: 6/21 MP: 4/9
  1922 | D:3      | Found a shimmering altar of Xom.
  2077 | D:3      | Reached skill level 7 in Stealth
  2077 | D:3      | Reached XP level 5. HP: 14/24 MP: 1/10
  3522 | D:3      | Found an ornate altar of the Wu Jian Council.
  3874 | D:3      | Found a hide-covered altar of Uskayaw.
  3902 | D:4      | Found Yvoa's Weapon Shoppe.
  4173 | D:4      | Noticed an ogre
  4189 | D:4      | Killed an ogre
  4189 | D:4      | Reached skill level 5 in Short Blades
  4189 | D:4      | Reached skill level 8 in Stealth
  4189 | D:4      | Reached XP level 6. HP: 28/28 MP: 8/11
  4234 | D:4      | Noticed Edmund
  4401 | D:4      | Got an encrusted quarterstaff
  4478 | D:4      | Identified the +9 quarterstaff of the Smoking Eel {vorpal,
                  | rN+ MR+} (You found it on level 4 of the Dungeon)
  4652 | D:4      | Killed Edmund
  4756 | D:4      | Found a runed translucent door.
  4757 | D:4      | Noticed Crazy Yiuf
  4764 | D:4      | Killed Crazy Yiuf
  4764 | D:4      | Reached skill level 5 in Hexes
  4849 | D:4      | Found Kolimic's Gadget Boutique.
  4927 | D:5      | Entered Level 5 of the Dungeon
  4945 | D:5      | Reached XP level 7. HP: 20/32 MP: 14/14
  5111 | D:5      | Found a broken altar of Ashenzari.
  5121 | D:5      | Got an ichor-stained spear
  5399 | D:5      | Identified the +5 spear "Tesol" {elec, *Rage rPois MR+}
                  | (You found it on level 5 of the Dungeon)
  5519 | D:5      | Found a staircase to the Ecumenical Temple.
  5552 | D:5      | Found Gapp's Book Emporium.
  5590 | Temple   | Entered the Ecumenical Temple
  5758 | Temple   | Became a worshipper of Dithmenos the Shadowed
  5874 | D:5      | Found Ypnac's Assorted Antiques.
  5905 | D:5      | Found Toit's Jewellery Emporium.
  6038 | D:5      | Found Fuxeuh's Weapon Boutique.
  6296 | D:5      | Reached skill level 1 in Fighting
  6296 | D:5      | Reached XP level 8. HP: 34/37 MP: 15/15
  6969 | D:6      | Reached skill level 5 in Dodging
  7161 | D:6      | Learned a level 3 spell: Tukima's Dance
  7165 | D:6      | Learned a level 3 spell: Dazzling Flash
  7167 | D:6      | Learned a level 1 spell: Apportation
  7562 | D:7      | Noticed a hippogriff
  7574 | D:7      | Killed a hippogriff
  7574 | D:7      | Reached skill level 1 in Invocations
  7574 | D:7      | Reached skill level 1 in Evocations
  7642 | D:7      | Noticed a hippogriff
  7649 | D:7      | Killed a hippogriff
  7785 | D:7      | Reached XP level 9. HP: 42/44 MP: 16/16
  7830 | D:7      | Reached * piety under Dithmenos
  7944 | D:7      | Found an ancient bone altar of Kikubaaqudgha.
  7962 | D:7      | Found Noshied's Assorted Antiques.
  7971 | D:7      | Found Yttoan's Assorted Antiques.
  7977 | D:7      | Noticed Pikel
  7998 | D:7      | Killed Pikel
  8293 | D:7      | Found Duofiqe's Magic Scroll Emporium.
  8300 | D:7      | Bought a scroll of noise for 11 gold pieces
  8300 | D:7      | Bought a scroll of identify for 22 gold pieces
  8300 | D:7      | Bought a scroll of enchant armour for 82 gold pieces
  8300 | D:7      | Bought a scroll of identify for 22 gold pieces
  8308 | D:7      | Found Ytwifomm's Antique Armour Boutique.
  8365 | D:7      | Reached skill level 9 in Stealth
  8535 | D:8      | Found a hide-covered altar of Uskayaw.
  8535 | D:8      | Noticed Grum
  8536 | D:8      | Noticed Joseph
  8601 | D:8      | Found a bloodstained altar of Trog.
  8614 | D:8      | Reached skill level 10 in Stealth
  8640 | D:8      | Found a sand-covered staircase.
  8696 | Ossuary  | Entered an ossuary
  8829 | Ossuary  | Reached ** piety under Dithmenos
  8900 | Ossuary  | Reached XP level 10. HP: 49/49 MP: 17/17
  9036 | D:8      | Reached skill level 11 in Stealth
  9224 | D:8      | Killed Grum
  9227 | D:8      | Killed Joseph
  9227 | D:8      | Reached *** piety under Dithmenos
  9292 | D:8      | Reached skill level 12 in Stealth
 10326 | D:7      | Bought a shiny buckler for 232 gold pieces
 10459 | D:9      | Found an opulent altar of Gozag.
 10490 | D:9      | Found a hazy altar of Hepliaklqana.
 10611 | D:9      | Reached skill level 1 in Shields
 10784 | D:9      | Reached skill level 5 in Spellcasting
 10788 | D:9      | Reached **** piety under Dithmenos
 11013 | D:9      | Noticed a two-headed ogre
 11024 | D:9      | Killed a two-headed ogre
 11024 | D:9      | Reached XP level 11. HP: 53/53 MP: 11/19
 11207 | D:10     | Entered Level 10 of the Dungeon
 11739 | D:10     | Reached skill level 13 in Stealth
 11791 | D:10     | Reached ***** piety under Dithmenos
 11841 | D:10     | Found a staircase to the Orcish Mines.
 12583 | D:10     | Noticed Psyche
 12586 | D:10     | Killed Psyche
 12859 | D:11     | Found a staircase to the Lair.
 12942 | D:11     | Reached skill level 10 in Dodging
 13354 | D:11     | Noticed an unseen horror
 13395 | D:11     | Killed an unseen horror
 14121 | Lair:1   | Entered Level 1 of the Lair of Beasts
 14335 | D:7      | Bought a silken robe for 176 gold pieces
 14335 | D:7      | Identified the +1 robe of Foafijua {MR+} (You bought it in
                  | a shop on level 7 of the Dungeon)
 14515 | Lair:1   | Reached skill level 5 in Fighting
 14579 | Lair:1   | Reached XP level 12. HP: 60/60 MP: 16/22
 15233 | Lair:2   | Reached skill level 10 in Hexes
 15241 | Lair:2   | Reached skill level 14 in Stealth
 15362 | Lair:2   | Found a transporter.
 15372 | Lair:2   | Noticed a six-headed hydra
 15378 | Lair:2   | Reached skill level 10 in Short Blades
 15385 | Lair:2   | Killed a six-headed hydra
 15424 | Lair:2   | Noticed a four-headed hydra
 15432 | Lair:2   | Killed a four-headed hydra
 15443 | Lair:2   | Found a transporter.
 15443 | Lair:2   | Noticed zhorgal's ghost (journeyman SpVM)
 15569 | Lair:2   | Found a staircase to the Snake Pit.
 15672 | Lair:2   | Reached skill level 15 in Stealth
 16182 | Lair:3   | Reached ****** piety under Dithmenos
 16343 | Lair:3   | Noticed a six-headed hydra
 16395 | Lair:3   | Killed a six-headed hydra
 17315 | D:7      | Bought a glowing hat for 217 gold pieces
 17907 | Lair:4   | You fall into a shaft and drop 1 floor!
 17916 | Lair:4   | Found a staircase to the Shoals.
 18252 | Lair:4   | Reached skill level 15 in Dodging
 18252 | Lair:4   | Reached XP level 13. HP: 65/65 MP: 23/23
 18604 | Lair:4   | Reached skill level 1 in Conjurations
 19323 | D:7      | Bought a scroll of silence for 82 gold pieces
 19471 | D:7      | Learned a level 4 spell: Cause Fear
 19717 | Lair:5   | Noticed Nessos
 19720 | Lair:5   | Killed Nessos
 19848 | Lair:5   | Noticed Urug
 19896 | Lair:5   | Killed Urug
 20314 | Lair:5   | Reached skill level 1 in Translocations
 20589 | Lair:6   | Entered Level 6 of the Lair of Beasts
 20597 | Lair:6   | Reached skill level 16 in Stealth
 21005 | Lair:6   | Found a snail-covered altar of Cheibriados.
 21022 | Lair:6   | Reached skill level 5 in Translocations
 21839 | Lair:6   | Found a viscous altar of Jiyva.
 21840 | Lair:6   | Found a staircase to the Slime Pits.
 22084 | Lair:6   | Reached XP level 14. HP: 69/73 MP: 20/24
 23823 | D:12     | Noticed Snorg
 24008 | D:12     | Found a frozen archway.
 24022 | D:12     | Noticed Jorgrun
 24051 | D:12     | Killed Jorgrun
 24051 | D:12     | Reached skill level 10 in Translocations
 24064 | IceCv    | Entered an ice cave
 25329 | IceCv    | Noticed a frost giant
 25406 | IceCv    | Killed a frost giant
 25413 | IceCv    | Reached skill level 10 in Fighting
 26121 | D:12     | Noticed Kirke
 26415 | Orc:1    | Entered Level 1 of the Orcish Mines
 26658 | Orc:2    | Entered Level 2 of the Orcish Mines
 26725 | Orc:2    | Reached skill level 5 in Invocations
 27695 | Orc:1    | Reached XP level 15. HP: 64/80 MP: 25/25
 27825 | Orc:2    | Found Raheev's Assorted Antiques.
 28040 | Orc:2    | Found a staircase to the Elven Halls.
 28080 | Orc:2    | Found Uhintais's Assorted Antiques.
 28081 | Orc:2    | Found Pitagu's General Store.
 28083 | Orc:2    | Found Jouw's Distillery.
 28584 | Orc:1    | Found a roughly hewn altar of Beogh.
 29280 | Orc:2    | Learned a level 5 spell: Yara's Violent Unravelling
 29444 | D:5      | Bought a book of Conjurations for 420 gold pieces
 29449 | D:5      | Learned a level 4 spell: Iskenderun's Mystic Blast
 29475 | D:7      | Bought a scroll of enchant weapon for 82 gold pieces
 29560 | D:4      | Bought a condenser vane (2/2) for 260 gold pieces
 29647 | D:7      | Bought a scroll of enchant weapon for 195 gold pieces
 30004 | D:12     | Killed Snorg
 30004 | D:12     | Reached skill level 1 in Transmutations
 30568 | D:12     | Killed Kirke
 30568 | D:12     | Reached skill level 10 in Evocations
 31198 | D:13     | Found Siograuh's Book Boutique.
 31272 | D:13     | Found a gate to the Vaults.
 31301 | D:13     | Found a flagged portal.
 31315 | Bailey   | Entered a bailey
 31955 | Bailey   | Identified Uptereo's Incunabulum of the Snowflakes and
                  | Flight
 31959 | Bailey   | Got a scorched demon whip
 31963 | Bailey   | Identified the +6 demon whip of Qon Cimo {freeze, rElec rC+
                  | MR++ Stlth+} (You found it in a bailey)
 33111 | D:13     | Noticed Josephine
 33116 | D:13     | Killed Josephine
 33236 | D:13     | Found Sotael's Distillery.
 33395 | Orc:2    | Bought a scroll labeled WYEDAU RORU for 35 gold pieces
 33868 | D:14     | Found a shimmering altar of Xom.
 33885 | D:14     | Reached skill level 5 in Conjurations
 34791 | D:15     | Entered Level 15 of the Dungeon
 34850 | D:15     | Reached XP level 16. HP: 87/87 MP: 14/29
 35256 | D:15     | Found a shadowy altar of Dithmenos.
 35451 | D:15     | Found a staircase to the Depths.
 36028 | D:15     | Learned a level 4 spell: Fulminant Prism
 36033 | D:15     | Learned a level 4 spell: Petrify
 36522 | Lair:2   | Killed zhorgal's ghost
 36529 | Lair:2   | Reached skill level 1 in Earth Magic
 36682 | Snake:1  | Entered Level 1 of the Snake Pit
 36718 | Snake:1  | Reached skill level 10 in Spellcasting
 36781 | Snake:1  | Found a stormy altar of Qazlal.
 38111 | Snake:2  | Noticed Aizul
 38959 | D:13     | Bought a book of the Earth for 975 gold pieces
 39557 | Snake:2  | Killed Aizul
 39830 | Snake:2  | Found Jeir's Antique Weapon Shop.
 40044 | Snake:2  | Found Kaecoy's Weapon Emporium.
 40044 | Snake:2  | Found Yffoju Dipt's Jewellery Shoppe.
 40045 | Snake:2  | Found Wyawir's Assorted Antiques.
 40049 | Snake:2  | Found Kaezarr's Gadget Shoppe.
 40559 | Snake:3  | Reached skill level 5 in Earth Magic
 40613 | Snake:3  | Found Ilae's Weapon Shoppe.
 40830 | Snake:3  | Noticed Agnes
 40832 | Snake:3  | Killed Agnes
 40832 | Snake:3  | Reached XP level 17. HP: 86/93 MP: 27/32
 41580 | Snake:4  | Entered Level 4 of the Snake Pit
 41957 | Snake:4  | Found a runed translucent door.
 42221 | Snake:4  | Found a shimmering altar of Xom.
 42221 | Snake:4  | Noticed Flugslaktarn's ghost (adept DDFi)
 44071 | Snake:4  | Collided with some lava

Illustrated notes

Levels and vault maps discovered:
D:1:      sevenhm_arrival_forest_fort_small_4, layout_loops_cross, serial_bayou,
          serial_bayou_ford_a, serial_bayou_lake_a, serial_bayou_shore_b,
          serial_bayou_pond_e, chequers_serial_rivers_large_a
D:2:      layout_rooms
D:3:      cheibrodos_pilgrimage, layout_basic, nicolae_overflow_crystal_walls,
          lemuel_doored_altar, xom_butterflies
D:4:      layout_basic, serial_shops, nicolae_shop_trees, shop,
          uniq_crazy_yiuf_cottage, uniq_edmund
D:5:      layout_basic, evilmike_ruin_ashenzari, temple_pool_b, serial_shops,
          shop, shop, shop, nicolae_shop_competitors_out_of_business
D:6:      layout_loops_cross
D:7:      layout_basic, kennysheep_mini, serial_shops, shop, shop,
          kennysheep_little_box, nicolae_shop_waterfront, uniq_pikel
D:8:      layout_basic, overflow_temple_1_default, basic_altar,
          nicolae_ossuary_entry_monument, grunt_decor_mini_mirrors, uniq_joseph,
          uniq_grum
D:9:      layout_basic, old_standard_altar, kennysheep_mini_moat
D:10:     layout_loops_corners, zombieorc2_lemuel, uniq_psyche
D:11:     layout_grid_maze, erik_lair_orcish_takeover
D:12:     layout_cave_pods, portal_ice_cave_demonic_guard, uniq_snorg,
          uniq_jorgrun, uniq_kirke
D:13:     layout_roguey, lightli_vaults_fourway_checkpoint, enter_bailey_7,
          serial_shops, shop, shop, kennysheep_pointless_box, uniq_josephine
D:14:     layout_basic, old_standard_altar
D:15:     gammafunk_depths_entry_grave, layout_loops_ring,
          grunt_dithmenos_shadows
Temple:   eino_narrow_crystal_temple
Lair:1:   layout_regular_city, grunt_megastairs_3, serial_bayou_shore_b,
          serial_bayou_shore_b
Lair:2:   layout_gridlike, guppyfry_snake_entry_island, gammafunk_ghost_arena,
          grunt_megastairs_4, lemuel_fruit_tree
Lair:3:   layout_hall_layers, wad_woods_river_01
Lair:4:   dpeg_oklob_gauntlet, layout_regular_city,
          minmay_shoals_entry_centaurs, serial_bayou_pond_b, minivault_24,
          infiniplex_staircase_pool_2
Lair:5:   layout_gridlike, serial_bayou_shore_a, grunt_megastairs_2,
          uniq_nessos, uniq_urug
Lair:6:   due_jungle_book, layout_big_grid, dpeg_slime_entry_enclosed_altar,
          basic_altar
Snake:1:  onia_ninara_swampy_vault, layout_grid_maze, basic_altar
Snake:2:  layout_cave_shapes, serial_shops, shop_fountains, minmay_shoptagon,
          serial_bayou_shore_b, uniq_aizul
Snake:3:  layout_gridlike, serial_shops, nicolae_shop_crystal,
          grunt_megastairs_1, serial_bayou_shore_b, uniq_agnes
Snake:4:  snake_pit_salamanders_mu, layout_misc_corridors, ebering_ghost_xom,
          drop_trap
Orc:1:    layout_diamond_mine, basic_altar, mines3_lemuel
Orc:2:    st_orc_open, layout_caves

Skill      XL: |  1  2  3  4  5  6  7  8  9 10 11 12 13 14 15 16 17 |
---------------+----------------------------------------------------+-----
Stealth        | 5 6 7 8 10 12 13 15 16 | 16.0
Short Blades   | 2 3 5 7 8 9 10 | 10.0
Spellcasting   | 4 5 6 8 10 | 10.0
Hexes          | 5 8 9 10 11 | 11.6
Fighting       | 1 3 5 6 8 10 11 12 | 12.6
Dodging        | 7 8 9 10 15 | 15.0
Invocations    | 2 4 6 8 9 |  9.6
Evocations     | 3 6 8 10 11 | 11.8
Shields        | 2 4 |  4.0
Conjurations   | 4 5 6 7 |  7.2
Translocations | 7 12 | 12.0
Transmutations | 4 |  4.0
Earth Magic    | 5 6 |  6.0

Action                   |  1- 3 |  4- 6 |  7- 9 | 10-12 | 13-15 | 16-18 || total
-------------------------+-------+-------+-------+-------+-------+-------++-------
Melee: Dagger            |    80 |   107 |   318 |   715 |  1564 |   627 ||  3411
Throw: Dart              |       |       |       |       |     5 |       ||     5
 Cast: Ensorcelled Hiber |     2 |    25 |    50 |   162 |   290 |   105 ||   634
       Confusing Touch   |       |     1 |    10 |    31 |    81 |    56 ||   179
       Dazzling Flash    |       |       |       |     5 |    59 |    20 ||    84
       Tukima's Dance    |       |       |       |       |     6 |     5 ||    11
       Corona            |       |       |       |       |     1 |       ||     1
       Iskenderun's Myst |       |       |       |       |       |     9 ||     9
       Fulminant Prism   |       |       |       |       |       |    18 ||    18
       Petrify           |       |       |       |       |       |     3 ||     3
       Yara's Violent Un |       |       |       |       |       |     1 ||     1
Invok: Shadow Step       |       |       |       |     2 |    11 |     8 ||    21
Evoke: Wand              |       |       |       |       |     8 |       ||     8
       Condenser vane    |       |       |       |       |       |     4 ||     4
  Use: Scroll            |     6 |     6 |    12 |    14 |    15 |     5 ||    58
       Potion            |       |       |     2 |       |     1 |       ||     3
 Stab: Sleeping          |     4 |    15 |    36 |   167 |   218 |   114 ||   554
       Distracted        |       |     1 |       |     3 |     4 |       ||     8
       Confused          |       |       |     9 |    27 |    88 |    67 ||   191
       Invisible         |       |       |       |     3 |    53 |    23 ||    79
Armor: Robe              |     4 |     4 |    29 |    41 |       |       ||    78
       Steam dragon scal |       |       |       |    15 |   100 |    31 ||   146
Dodge: Dodged            |    58 |    78 |   258 |   425 |  1340 |   381 ||  2540
Block: Buckler           |       |       |       |    82 |   519 |   129 ||   730

Table legend: (Time is in decaauts)
 A = Elapsed time spent in this place.
 B = Non-inter-level travel time spent in this place.
 C = Inter-level travel time spent in this place.
 D = Time resting spent in this place.
 E = Time spent auto-exploring this place.
 F = Levels seen in this place.
 G = Mean time per level.
                   A        B        C        D        E       F      G
               +--------+--------+--------+--------+--------+-----+--------+
         Total |  33546 |  31032 |   2514 |  11982 |  12453 |  31 | 1082.1 |
       Dungeon |  16574 |  15054 |   1520 |   5021 |   6891 |  15 | 1104.9 |
        Temple |    107 |     99 |      8 |      0 |     96 |   1 |  107.0 |
          Lair |   6890 |   6204 |    686 |   2255 |   2747 |   6 | 1148.3 |
     Snake Pit |   5632 |   5433 |    199 |   2669 |   1603 |   4 | 1408.0 |
  Orcish Mines |   2179 |   2080 |     99 |    868 |    679 |   2 | 1089.5 |
       Ossuary |    264 |    264 |      0 |    120 |     65 |   1 |  264.0 |
        Bailey |    560 |    560 |      0 |    229 |     72 |   1 |  560.0 |
      Ice Cave |   1337 |   1337 |      0 |    819 |    296 |   1 | 1337.0 |
               +--------+--------+--------+--------+--------+-----+--------+

Top non-repeatable levels by time:
  Lair:6: 2094 daAuts
    D:11: 1936 daAuts
     D:3: 1858 daAuts
 Snake:4: 1740 daAuts
 Snake:1: 1510 daAuts
   Orc:1: 1489 daAuts
  Lair:4: 1461 daAuts
    D:10: 1405 daAuts
 Snake:3: 1387 daAuts
    D:13: 1385 daAuts
   IceCv: 1337 daAuts
    D:12: 1155 daAuts
     D:8: 1154 daAuts
     D:5: 1121 daAuts
     D:7: 1103 daAuts
